 Dungeon Crawl Stone Soup version 0.25-a0-547-g27a0b5d1ef (webtiles) character file.

Game seed: 5322129380757452477, levelgen mode: deterministic

192 Esekla the Magician (level 5, 0/28 HPs)
             Began as a Deep Elf Wizard on Feb 22, 2020.
             Shot with a bolt by a kobold (10 damage)
             ... on level 8 of the Dungeon.
             The game lasted 00:30:32 (2388 turns).

Esekla the Magician (Deep Elf Wizard)               Turns: 2388, Time: 00:30:32

Health: 0/28       AC:  2    Str:  5    XL:     5   Next: 42%
Magic:  9/16       EV: 13    Int: 23    God:
Gold:   58         SH:  0    Dex: 13    Spells: 6/17 levels left

rFire    . . .     SeeInvis .   h - +0 short sword (speed)
rCold    . . .     Gourm    .   (no shield)
rNeg     . . .     Faith    .   a - +0 robe
rPois    .         Spirit   .   b - +0 hat
rElec    .         Reflect  .   (no cloak)
rCorr    .         Harm     .   (no gloves)
MR       .....                  (no boots)
Stlth    +++.......             t - amulet of magic regeneration
HPRegen  0.09/turn              u - ring of stealth
MPRegen  0.40/turn              (no ring)

@: very slightly contaminated
A: no striking features
a: no special abilities


You were on level 8 of the Dungeon.
You were not hungry.

You visited 1 branch of the dungeon, and saw 6 of its levels.

You collected 58 gold pieces.

Inventory:

Hand Weapons
 h - a +0 short sword of speed (weapon)
Missiles
 r - 7 boomerangs (quivered)
Armour
 a - a +0 robe (worn)
 b - a +0 hat (worn)
Jewellery
 l - an uncursed amulet of faith
 t - an amulet of magic regeneration (around neck)
 u - a ring of stealth (left hand)
Scrolls
 f - a scroll of enchant armour {unknown}
 g - a scroll of random uselessness {unknown}
 i - a scroll of magic mapping {unknown}
 k - a scroll of identify {unknown}
 n - a scroll of teleportation {unknown}
 o - 2 scrolls of remove curse {unknown}
 p - a scroll of fog {unknown}
 q - a scroll of noise {unknown}
 v - 3 scrolls of vulnerability {unknown}
Potions
 c - a potion of mutation {unknown}
 e - a potion of curing {unknown}
 j - a potion of might {unknown}
 m - a potion of brilliance {unknown}
 s - a potion of flight {unknown}
 w - a potion of degeneration {unknown}
Comestibles
 d - 4 rations


   Skills:
 + Level 0.3 Short Blades
 + Level 3.0 Dodging
 + Level 2.4 Stealth
 * Level 6.7 Spellcasting
 * Level 3.2 Conjurations
   Level 1.1 Summonings
 * Level 2.0 Translocations


You had 6 spell levels left.
You knew the following spells:

 Your Spells              Type           Power        Failure   Level  Hunger
a - Apportation           Tloc           ###...       3%          1    None
b - Blink                 Tloc           N/A          4%          2    None
c - Mephitic Cloud        Conj/Pois/Air  ##......     16%         3    None
d - Magic Dart            Conj           ###.         2%          1    None
f - Conjure Flame         Conj/Fire      ###.....     12%         3    None
i - Corona                Hex            #......      8%          1    None

Your spell library contained the following spells:

 Spells                   Type           Power        Failure   Level  Hunger
 Summon Small Mammal      Summ           ##..         4%          1    None
 Animate Skeleton         Necr           N/A          8%          1    None
 Call Imp                 Summ           ##......     8%          2    None
 Slow                     Hex            #.......     12%         2    None


Dungeon Overview and Level Annotations

Branches:
Dungeon (5/15)
 Temple: D:4-7

Altars:
Dithmenos
Kikubaaqudgha
Uskayaw
Vehumet

Annotations:
D:4 1 runed translucent door, EnegeticOcto's ghost, amateur DDFi


Message History

Okay, then.
Casting: Apportation (safe; 3% risk of failure)
Confirm with . or Enter, or press ? or * to list all spells.
Aiming: Magic Dart (safe; 2% risk of failure)
Press: ? - help, Shift-Dir - straight line, f/p - orc wizard
Aim: an orc wizard, wielding a +0 dagger and wearing a +0 robe (severely wounded, fast, confused)
The magic dart hits the orc wizard.
You kill the orc wizard!
Your Conjurations skill increases to level 3!
The big kobold hits something with a +0 short sword!
You feel a bit more experienced.
You open the door.
Found a ring of stealth.
An adder comes into view.
There is an open door here.
The kobold shouts!
You feel a bit more experienced.
The kobold wields a +2 hand crossbow of flaming.
It bursts into flame!
The kobold shoots a bolt.
The bolt hits you!
You die...

#....†'###
.....?.#...#
..$h...#.K.#
h..>...#).##
...h...#...#
#########Ko#
.##########..##
S......'......#
....=..#@....##
.......#.....#
.......#.....#
.......#.....#
#..###.###+###
#.. #+ #.


You could see an orc and a kobold.

Vanquished Creatures
  A crimson imp (D:5)
  2 hounds (D:5)
  2 orc wizards (D:8)
  An adder (D:4)
  A leopard gecko (D:5)
  2 orcs (D:5)
  2 giant cockroaches
  A goblin (D:2)
  5 hobgoblins
  5 jackals
  6 kobolds
  2 bats (D:1)
  A frilled lizard (D:1)
  4 rats
35 creatures vanquished.

Notes
Turn   | Place    | Note
-------+----------+-------------------------------------------
     0 | D:1      | Esekla the Deep Elf Wizard began the quest for the Orb.
     0 | D:1      | Reached XP level 1. HP: 10/10 MP: 7/7
   244 | D:2      | Found a shadowy altar of Dithmenos.
   327 | D:2      | Reached skill level 5 in Spellcasting
   370 | D:1      | Learned a level 1 spell: Apportation
   372 | D:1      | Learned a level 1 spell: Corona
   381 | D:1      | Reached XP level 2. HP: 15/15 MP: 6/10
   385 | D:1      | Learned a level 2 spell: Blink
  1413 | D:2      | Found an ancient bone altar of Kikubaaqudgha.
  1615 | D:4      | Found a runed translucent door.
  1619 | D:4      | Noticed EnegeticOcto's ghost (amateur DDFi)
  1669 | D:4      | Reached XP level 3. HP: 15/19 MP: 1/12
  1691 | D:5      | Entered Level 5 of the Dungeon
  2055 | D:5      | Reached skill level 6 in Spellcasting
  2055 | D:5      | Reached XP level 4. HP: 24/24 MP: 5/14
  2155 | D:5      | Learned a level 3 spell: Mephitic Cloud
  2159 | D:5      | Learned a level 3 spell: Conjure Flame
  2340 | D:5      | You fall into a shaft and drop 3 floors!
  2340 | D:8      | Found a hide-covered altar of Uskayaw.
  2340 | D:8      | Found a radiant altar of Vehumet.
  2348 | D:8      | Reached XP level 5. HP: 25/28 MP: 12/16
  2388 | D:8      | Shot with a bolt by a kobold

Levels and vault maps discovered:
D:1:      dpeg_arrival_fog, layout_loops_ring, minivault_27
D:2:      layout_loops_ring, kiku_gazebo_pond_becter,
          nicolae_dithmenos_shadow_blocks, first_ration
D:3:      layout_rooms, old_standard_altar, chequers_serial_rivers_room_b,
          minmay_ruptured
D:4:      layout_rooms, nicolae_qazlal_eye_of_the_storm, ebering_ghost_sewer_d,
          serial_shops, shop
D:5:      layout_basic, kennysheep_slug_shrine, fountainhead
D:8:      layout_gridville, chequers_temple_overflow_statue_of_worship,
          grunt_lair_entry_orc_guard_hut

Skill      XL: |  1  2  3  4  5 |
---------------+----------------+-----
Spellcasting   | 5 6 |  6.7
Conjurations   | 2 3 |  3.2
Translocations | 2 |  2.0
Dodging        | 3 |  3.0
Short Blades   | |  0.3
Stealth        | |  2.4
Summonings     | |  1.1

Action                   |  1- 3 |  4- 6 || total
-------------------------+-------+-------++-------
Melee: Short sword       |    34 |     8 ||    42
 Cast: Magic Dart        |    67 |    33 ||   100
       Blink             |     4 |       ||     4
       Conjure Flame     |       |     1 ||     1
       Mephitic Cloud    |       |     1 ||     1
 Stab: Sleeping          |     1 |       ||     1
       Confused          |       |     1 ||     1
  Eat: Chunk             |     3 |     1 ||     4
Armor: Robe              |     5 |     2 ||     7
Dodge: Dodged            |    35 |     9 ||    44

Table legend:
 A = Non-vault XP
 B = Vault XP
 C = Vault XP percentage of total XP
 D = Non-vault monster count
 E = Vault monster count
 F = Vault count percentage of total count
                 A         B        C        D         E       F
            +---------+---------+-------+---------+---------+-------
      Total |     275 |       0 |   0.0 |      35 |       0 |   0.0
            +---------+---------+-------+---------+---------+-------
        D:1 |      14 |       0 |   0.0 |      10 |       0 |   0.0
        D:2 |      17 |       0 |   0.0 |      10 |       0 |   0.0
        D:4 |      16 |       0 |   0.0 |       2 |       0 |   0.0
        D:5 |     145 |       0 |   0.0 |       6 |       0 |   0.0
        D:8 |      83 |       0 |   0.0 |       7 |       0 |   0.0
            +---------+---------+-------+---------+---------+-------
